 Dungeon Crawl Stone Soup version 0.23-a0-241-g3b46b07 (webtiles) character file.

451 Ijustatesigmund the Chopper (level 7, -6/48 HPs)
             Began as an Octopode Fighter on Sept 26, 2018.
             Killed from afar by an orc wizard (8 damage)
             ... with a magic dart
             ... on level 4 of the Dungeon.
             The game lasted 00:04:33 (2899 turns).

Ijustatesigmund the Chopper (Octopode Fighter)      Turns: 2899, Time: 00:04:33

Health: -6/48      AC:  7    Str: 16    XL:     7   Next: 4%
Magic:  7/7        EV: 12    Int: 10    God:
Gold:   176        SH:  9    Dex: 13    Spells: 6/6 levels left

rFire    . . .     SeeInvis .   a - +0 war axe
rCold    . . .     Gourm    .   b - +0 shield
rNeg     . . .     Faith    .   i - +1 hat
rPois    .         Spirit   .   (no amulet)
rElec    .         Reflect  .   e - +5 ring of protection
rCorr    .         Harm     .   (no ring)
MR       .....                  (no ring)
Stlth    ++........             (no ring)
HPRegen  0.16/turn              (no ring)
MPRegen  0.10/turn              (no ring)
                                (no ring)
                                (no ring)

@: hasted, very quick
A: almost no armour, stealthy swim, amphibious, 8 rings, constrict 8, camouflage
1, gelatinous body 1
a: no special abilities


You were on level 4 of the Dungeon.
You were not hungry.

You visited 1 branch of the dungeon, and saw 4 of its levels.

You collected 176 gold pieces.

Inventory:

Hand Weapons
 a - a +0 war axe (weapon)
Armour
 b - a +0 shield (worn)
 i - a +1 hat (worn)
Jewellery
 e - a +5 ring of protection (left tentacle)
 h - an uncursed ring of ice {unknown}
Wands
 f - a wand of polymorph (4)
Scrolls
 j - a scroll of teleportation {unknown}
Comestibles
 d - 9 rations


   Skills:
 + Level 4.2 Fighting
 + Level 5.9 Axes
 + Level 4.2 Dodging
 - Level 3.0 Shields


You had 6 spell levels left.
You didn't know any spells.
Your spell library contained the following spells:

 Spells                   Type           Power        Failure   Level  Hunger
 Magic Dart               Conj           #...         87%         1    ##.....
 Blink                    Tloc           N/A          95%         2    ###....
 Call Imp                 Summ           #.......     95%         2    ###....
 Slow                     Hex            #.......     95%         2    ###....
 Conjure Flame            Conj/Fire      #.......     99%         3    ####...
 Mephitic Cloud           Conj/Pois/Air  #.......     99%         3    ####...


Dungeon Overview and Level Annotations

Branches:
Dungeon (4/15)
 Temple: D:4-7

Altars:
Vehumet


Innate Abilities, Weirdness & Mutations

You cannot wear most types of armour.
You are very stealthy in the water. (Stealth+)
You are amphibious.
You can wear up to eight rings at the same time.
You can use your tentacles to constrict eight enemies at once.
Your skin changes colour to match your surroundings (Stealth+).
Your rubbery body absorbs attacks. (AC +1, EV +1)


Message History

Something hits you but does no damage.
You closely miss something. Something completely misses you.
You feel yourself speed up. Something hits you but does no damage.
You barely miss something. You squeeze something. Something barely misses you.
You closely miss something. Something hits you but does no damage.
You barely miss something. Something hits you but does no damage.
You miss something. Something hits you but does no damage.
Your shield prevents you from hitting something.
You hear some strange, mumbled words.
A puff of flame appears from out of thin air!
The puff of flame hits you!
* * * LOW HITPOINT WARNING * * *
You closely miss something. Something hits you.
* * * LOW HITPOINT WARNING * * *
You see here an orc corpse.
An orc wizard appears from thin air!
Reactivating autopickup.
The orc wizard casts a spell at you. The magic dart hits you!
You die...

#########################
#..oo...@................
#.#######################
.. #........###########
#. #.######.#.........# #
#........#.....###.#
#........#...#.###'###
#........#####.#.....#
#..............#.....#
###.......########.†...#


You could see an orc wizard and an orc.

Vanquished Creatures
  Sigmund (D:4)
  A hound (D:4)
  A gnoll shaman (D:4)
  Ijyb (D:4)
  A worker ant (D:4)
  7 gnolls
  5 adders
  3 worms
  3 leopard geckos
  4 orcs
  3 bats
  5 giant cockroaches
  9 goblins
  7 hobgoblins
  2 quokkas (D:3)
  4 frilled lizards
  A jackal skeleton (D:4)
  4 kobolds
  5 rats
67 creatures vanquished.

Notes
Turn   | Place    | Note
-------+----------+-------------------------------------------
     0 | D:1      | Ijustatesigmund the Octopode Fighter began the quest for
                  | the Orb.
     0 | D:1      | Reached XP level 1. HP: 16/16 MP: 1/1
   147 | D:1      | Reached XP level 2. HP: 19/21 MP: 2/2
   264 | D:1      | Reached skill level 3 in Axes
   902 | D:2      | Reached XP level 3. HP: 18/26 MP: 3/3
  1272 | D:2      | Reached skill level 4 in Axes
  1312 | D:2      | Found a radiant altar of Vehumet.
  1354 | D:2      | Reached XP level 4. HP: 27/31 MP: 4/4
  2218 | D:3      | Reached skill level 5 in Axes
  2218 | D:3      | Reached XP level 5. HP: 33/36 MP: 5/5
  2452 | D:4      | Reached XP level 6. HP: 35/42 MP: 6/6
  2548 | D:4      | Noticed Ijyb
  2554 | D:4      | Noticed Sigmund
  2556 | D:4      | Killed Ijyb
  2574 | D:4      | HP: 2/43 [something (9)]
  2577 | D:4      | Killed Sigmund
  2755 | D:4      | Reached XP level 7. HP: 48/48 MP: 7/7
  2894 | D:4      | HP: 1/48 [something (2)]
  2899 | D:4      | Killed from afar by an orc wizard

Vault maps used:
D:1:      dpeg_arrival_leaves_temple_mockup
D:2:      old_standard_altar, first_ration
D:3:      minmay_misc_feat_five
D:4:      uniq_sigmund, uniq_ijyb

Skill      XL: |  1  2  3  4  5  6 |
---------------+-------------------+-----
Axes           | 3 4 5 |  5.9
Fighting       | 4 |  4.2
Dodging        | 4 |  4.2
Shields        | |  3.0

Action                   |  1- 3 |  4- 6 |  7- 9 || total
-------------------------+-------+-------+-------++-------
Melee: War axe           |    62 |    66 |    33 ||   161
       Constrict         |    18 |    17 |     3 ||    38
       Tentacles         |    16 |    13 |     5 ||    34
  Use: Scroll            |     4 |     2 |       ||     6
       Potion            |       |     4 |     1 ||     5
 Stab: Sleeping          |     3 |     8 |       ||    11
  Eat: Chunk             |     1 |     5 |       ||     6
Armor: Skin              |     4 |     8 |    14 ||    26
Dodge: Dodged            |    29 |    21 |     7 ||    57
Block: Shield            |    20 |    21 |     3 ||    44

Table legend:
 A = Non-vault XP
 B = Vault XP
 C = Vault XP percentage of total XP
 D = Non-vault monster count
 E = Vault monster count
 F = Vault count percentage of total count
                 A         B        C        D         E       F
            +---------+---------+-------+---------+---------+-------
      Total |     382 |     263 |  40.8 |      65 |       2 |   3.0
            +---------+---------+-------+---------+---------+-------
        D:1 |      31 |       0 |   0.0 |      19 |       0 |   0.0
        D:2 |      55 |       0 |   0.0 |      15 |       0 |   0.0
        D:3 |      87 |       0 |   0.0 |      18 |       0 |   0.0
        D:4 |     209 |     263 |  55.7 |      13 |       2 |  13.3
            +---------+---------+-------+---------+---------+-------
